 Dungeon Crawl Stone Soup version 0.27-a0-1149-g4505690ab0 (webtiles) character file.

Game seed: 9028890548280460122

354 st0uf the Covered (level 6, -6/38 HPs)
             Began as a Gargoyle Fighter on May 13, 2021.
             Mangled by an ogre
             ... wielding a +0 giant spiked club
              (15 damage)
             ... on level 3 of the Dungeon.
             The game lasted 00:09:16 (3496 turns).

st0uf the Covered (Gargoyle Fighter)                Turns: 3496, Time: 00:09:17

Health: -6/38      AC: 11    Str: 20    XL:     6   Next: 63%
Magic:  6/6        EV:  7    Int: 10    God:
Gold:   89         SH:  9    Dex:  9    Spells: 5/5 levels left

rFire    . . .     SeeInvis .   a - +0 flail
rCold    . . .     Faith    .   c - +0 kite shield
rNeg     + . .     Spirit   .   b - +0 scale mail
rPois    ∞         Reflect  .   (no helmet)
rElec    +         Harm     .   (no cloak)
rCorr    .         Rampage  .   (no gloves)
Will     .....                  (no boots)
Stlth    ..........             (no amulet)
HPRegen  0.12/turn              (no ring)
MPRegen  0.10/turn              (no ring)

@: no status effects
A: sickness immunity, AC +4, negative energy resistance 1, electricity
resistance, torment resistance 1, petrification resistance
a: no special abilities


You were on level 3 of the Dungeon.
You visited 1 branch of the dungeon, and saw 3 of its levels.

You collected 89 gold pieces.

Inventory:

Hand Weapons
 a - a +0 flail (weapon)
Missiles
 k - 123 stones (quivered)
Armour
 b - a +0 scale mail (worn)
 c - a +0 kite shield (worn)
Scrolls
 e - a scroll of enchant weapon {unknown}
 f - 3 scrolls of identify {unknown}
 g - a scroll of amnesia {unknown}
 j - a scroll of enchant armour {unknown}
 m - a scroll of summoning {unknown}
Potions
 d - 2 potions of might
 h - 3 potions of attraction {unknown}
 i - a potion of curing {unknown}
 l - a potion of heal wounds {unknown}
 n - a potion of haste {unknown}
 o - a potion of brilliance {unknown}
 p - a potion of degeneration {unknown}


   Skills:
 + Level 4.1 Fighting
 + Level 4.3 Maces & Flails
 + Level 5.1 Armour
 + Level 0.4 Stealth
 + Level 4.5 Shields


You had 5 spell levels left.
You didn't know any spells.
Your spell library was empty.

Dungeon Overview and Level Annotations

Branches:
Dungeon (3/15)

Altars:


Innate Abilities, Weirdness & Mutations

You are immune to sickness and miasma.
Your stone body is resilient. (AC +4)
You are immune to poison.
You resist negative energy. (rN+)
You are resistant to electric shocks. (rElec)
You are resistant to unholy torment.
You are immune to petrification.


Message History

There is a stone staircase leading up here.
Things that are here:
a +0 flail; a +0 whip The ogre shouts!
There is a stone staircase leading down here.
An ogre is nearby!
Throw: 126 stones
Press: ? - help, Q - select action Shift-Dir - straight line, f - ogre
Aim: an ogre, wielding a +0 giant spiked club (72% to hit)
You throw a stone. The stone closely misses the ogre.
Throw: 125 stones
Press: ? - help, Q - select action Shift-Dir - straight line, f/p - ogre
Aim: an ogre, wielding a +0 giant spiked club (72% to hit)
You throw a stone. The stone barely misses the ogre.
Throw: 124 stones
Press: ? - help, Q - select action Shift-Dir - straight line, f/p - ogre
Aim: an ogre, wielding a +0 giant spiked club (72% to hit)
You throw a stone.
The stone hits the ogre but does no damage.
You hit the ogre.
The ogre is lightly wounded.
The ogre hits you with a +0 giant spiked club!
You hit the ogre.
The ogre is moderately wounded.
The ogre closely misses you.
You sock the ogre!
The ogre is heavily wounded.
You block the ogre's attack.
You barely miss the ogre.
The ogre is heavily wounded.
You block the ogre's attack.
Your shield and scale mail prevent you from hitting the ogre.
The ogre is heavily wounded.
The ogre hits you with a +0 giant spiked club!!
Ouch! That really hurt!
* * * LOW HITPOINT WARNING * * *
You hit the ogre.
The ogre is severely wounded.
The ogre hits you with a +0 giant spiked club!
You die...

# ####...........###.# #...... #
#.###.#####.# #.#####.##### # #.#
#.# #.# #.......# # # #.###.##
#.# ##......# # #######.##...##
#.# #.####.# #
......#)#.###.###.## #.# #.#####
#####.#...# #......# #.# #......
#####.#...###..##..###.# ###....
................@...##.######.###
#####.#.....#####O.......O.......
..# #.#.....# #...##.######.###
#.# #.#.....#####)..##.# ##.###
#.###)#....<).......##.#####...##
....<.##....###.................#
#.######....###>##..##.#####....#
#...............##.((.........#.#
#####.......######.....########.#


You could see an ogre.

Vanquished Creatures
  Sigmund (D:2)
  5 adders
  8 gnolls (D:3)
  A worm (D:3)
  2 dart slugs (D:2)
  An orc (D:3)
  7 endoplasms
  2 giant cockroaches
  10 hobgoblins
  2 jackals (D:3)
  6 ball pythons
  7 bats
  7 frilled lizards
  7 goblins
  4 kobolds
  3 rats
73 creatures vanquished.

Notes
Turn   | Place    | Note
-------+----------+-------------------------------------------
     0 | D:1      | st0uf the Gargoyle Fighter began the quest for the Orb.
     0 | D:1      | Reached XP level 1. HP: 14/14 MP: 1/1
   201 | D:1      | Reached XP level 2. HP: 19/19 MP: 2/2
   424 | D:1      | Found a faded altar of an unknown god.
   592 | D:2      | Reached XP level 3. HP: 23/23 MP: 3/3
  1335 | D:2      | Reached XP level 4. HP: 26/29 MP: 4/4
  1619 | D:2      | Noticed Sigmund
  1669 | D:3      | Reached skill level 4 in Armour
  1758 | D:3      | Reached XP level 5. HP: 16/33 MP: 5/5
  2627 | D:3      | Noticed an ogre
  3265 | D:2      | Killed Sigmund
  3266 | D:2      | Reached skill level 5 in Armour
  3266 | D:2      | Reached XP level 6. HP: 19/38 MP: 6/6
  3496 | D:3      | Mangled by an ogre

Illustrated notes

Levels and vault maps discovered:
D:1:      minmay_arrival_open_corners, layout_basic, basic_ecumenical_altar
D:2:      layout_basic, grunt_ministairs_7, kennysheep_nondescript, uniq_sigmund
D:3:      layout_loops_ring

Skill      XL: |  1  2  3  4  5 |
---------------+----------------+-----
Shields        | 4 |  4.5
Armour         | 4 5 |  5.1
Maces & Flails | 3 4 |  4.3
Fighting       | 4 |  4.1
Stealth        | |  0.4

Action                   |  1- 3 |  4- 6 || total
-------------------------+-------+-------++-------
Melee: Flail             |   104 |   175 ||   279
Throw: Stone             |       |     4 ||     4
Armor: Scale mail        |    59 |    75 ||   134
Dodge: Dodged            |    34 |    59 ||    93
Block: Kite shield       |    53 |    90 ||   143

Table legend: (Time is in decaauts)
 A = Elapsed time spent in this place.
 B = Non-inter-level travel time spent in this place.
 C = Inter-level travel time spent in this place.
 D = Time resting spent in this place.
 E = Time spent auto-exploring this place.
 F = Levels seen in this place.
 G = Mean time per level.
                   A        B        C        D        E       F      G
               +--------+--------+--------+--------+--------+-----+--------+
         Total |   3635 |   3541 |     94 |    730 |   1842 |   3 | 1211.7 |
       Dungeon |   3635 |   3541 |     94 |    730 |   1842 |   3 | 1211.7 |
               +--------+--------+--------+--------+--------+-----+--------+

Top non-repeatable levels by time:
     D:2: 1772 daAuts
     D:3: 1278 daAuts
     D:1: 584 daAuts
